 Dungeon Crawl Stone Soup version 0.30-a0-920-g7493c07aab (webtiles) character file.

Game seed: 10152940055790586066

37 lunkers the Cudgeller (level 3, -3/29 HPs)
             Began as a Meteoran Warper on Mar 22, 2023.
             Slain by an iguana (4 damage)
             ... on level 4 of the Dungeon.
             The game lasted 00:02:11 (1269 turns).

lunkers the Cudgeller (Meteoran Warper)             Turns: 1269, Time: 00:02:11

Health: -3/29      AC:  7    Str: 14    XL:     3   Next: 88%
Magic:  8/8        EV:  9    Int: 15    God:
Gold:   89         SH:  0    Dex: 13    Spells: 7/7 levels left

rFire   . . .      SeeInvis .    a - +0 mace
rCold   . . .      Faith    .    (no shield)
rNeg    . . .      Spirit   .    m - +0 scale mail
rPois   .          Reflect  .    (no helmet)
rElec   .          Rampage  .    (no cloak)
rCorr   .                        (no gloves)
Will    .....                    i - +0 pair of boots Stlth
                                 (no amulet)
HPRegen 0.24/turn                (no ring)
MPRegen 0.11/turn                (no ring)

@: glowing
A: sense surroundings 1, otherworldly, glowing, explore regen
a: no special abilities


You were on level 4 of the Dungeon.
You visited 1 branch of the dungeon, and saw 4 of its levels.

You collected 89 gold pieces.

Inventory:

Hand Weapons
 a - a +0 mace (weapon)
Missiles
 d - 7 boomerangs of dispersal
Armour
 b - a +0 leather armour
 i - a +0 pair of boots (worn)
 m - a +0 scale mail (worn)
Scrolls
 c - 2 scrolls of blinking
 e - a scroll of identify {unknown}
 f - a scroll of vulnerability {unknown}
 k - a scroll of teleportation {unknown}
Potions
 g - a potion of cancellation {unknown}
 h - a potion of attraction {unknown}
 j - a potion of ambrosia {unknown}
 l - 2 potions of lignification {unknown}


   Skills:
 - Level 2.1 Fighting
 + Level 5.0 Maces & Flails
 - Level 1.2 Throwing
 - Level 1.2 Armour
 - Level 2.4 Dodging
 - Level 2.6 Spellcasting
 - Level 3.6 Translocations


You had 7 spell levels left.
You didn't know any spells.
Your spell library contained the following spells:

 Spells                   Type           Power      Damage    Failure   Level
 Blink                    Tloc           24%        N/A       30%         2
 Lesser Beckoning         Tloc           24%        N/A       30%         2
 Teleport Other           Tloc           12%        N/A       52%         3
 Freeze                   Ice            8%         1d3       65%         1
 Vhi's Electric Charge    Tloc/Air       14%        N/A       78%         3
 Manifold Assault         Tloc           12%        N/A       90%         4
 Frozen Ramparts          Ice            4%         1d1       95%         3
 Hailstorm                Conj/Ice       2%         3d3       95%         3


Dungeon Overview and Level Annotations

Branches:
Dungeon (4/15) Zot: 1112
 Temple: D:4-7

Altars:
Wu Jian


Innate Abilities, Weirdness & Mutations

You passively map a small area around you.
You are easily found by Zot.
You glow in the dark.
You regain HP and MP as you explore.


Message History

There is an ornate altar of the Wu Jian Council here.
There is an open door here.
There is a stone staircase leading down here.
You climb downwards.
Found 11 gold pieces and 10 stones.
There is a stone staircase leading up here.
You now have 89 gold pieces (gained 11).
Found a stone staircase leading up.
There is a stone staircase leading up here.
An iguana comes into view.
The iguana hisses angrily.
The iguana bites you but does no damage.
You hit the iguana but do no damage. The iguana bites you.
You hit the iguana.
The iguana is lightly wounded.
The iguana barely misses you.
You hit the iguana but do no damage.
The iguana is lightly wounded.
The iguana barely misses you.
You hit the iguana.
The iguana is moderately wounded.
The iguana bites you!
* * * LOW HITPOINT WARNING * * *
You sock the iguana!
The iguana is severely wounded.
The iguana bites you.
* * * LOW HITPOINT WARNING * * *
You closely miss the iguana.
The iguana is severely wounded.
The iguana bites you.
* * * LOW HITPOINT WARNING * * *
The iguana barely misses you.
You hit the iguana.
The iguana is severely wounded.
The iguana bites you!
* * * LOW HITPOINT WARNING * * *
You hit the iguana but do no damage.
The iguana is severely wounded.
The iguana bites you.
You die...

.......####.#
* ........#
#.## * **
........# #..#
** # * ,
........###..#
.# *
.........###.#
... ,
.........#
#.## ##....
###..#####
#..####.....#
####
#.<#......# ~
#....@l# *
##...###
#..### * #.##
... ** , ,..#.
, ##### * *


You could see an iguana.

Vanquished Creatures
  An adder (D:3)
  3 dart slugs
  5 ball pythons
  3 endoplasms
  A goblin (D:1)
  3 quokkas
  4 bats
  A kobold (D:2)
  A rat (D:2)
22 creatures vanquished.

Notes
Turn   | Place    | Note
-------+----------+-------------------------------------------
     0 | D:1      | lunkers the Meteoran Warper began the quest for the Orb.
     0 | D:1      | Reached XP level 1. HP: 17/17 MP: 5/5
   130 | D:1      | Reached skill level 3 in Maces & Flails
   214 | D:1      | Reached XP level 2. HP: 23/24 MP: 6/6
   494 | D:1      | Glimpsed the power of Zot.
   574 | D:2      | Reached skill level 4 in Maces & Flails
   657 | D:2      | Reached XP level 3. HP: 29/29 MP: 8/8
   721 | D:2      | Found a faded altar of an unknown god.
   940 | D:3      | Found an ornate altar of the Wu Jian Council.
   962 | D:3      | Reached skill level 5 in Maces & Flails
  1268 | D:4      | HP: 1/29 [iguana (8)]
  1269 | D:4      | Slain by an iguana

Illustrated notes

Levels and vault maps discovered:
D:1:      amcnicky_arrival_blooded_trapdoor, layout_basic,
          hangedman_decor_clover_reticule
D:2:      layout_basic, hellmonk_ecumenical_altar_zigzags,
          serial_co_window_serial, co_window_paths_a, co_window_paths_a,
          co_window_paths_a, co_window_of_opportunity_a, co_window_corner_a,
          co_window_unsneaky_path_c, co_window_unsneaky_path_c,
          co_window_unsneaky_path_b, co_window_corner_ca, co_window_corner_ca,
          co_window_unsneaky_path_c, glass_columns_b, glass_columns_a,
          glass_columns_a, minmay_tripent
D:3:      layout_basic, overflow_temple_1_default,
          amcnicky_mini_corridor_feature, minmay_misc_feat_cross,
          chequers_serial_rivers_large_b
D:4:      layout_cave_pods, old_standard_altar, pf_just_have_faith

Skill      XL: |  1  2  3 |
---------------+----------+-----
Maces & Flails | 3 4 5 |  5.0
Fighting       | |  2.1
Throwing       | |  1.2
Armour         | |  1.2
Dodging        | |  2.4
Spellcasting   | |  2.6
Translocations | |  3.6

Action                     || total
---------------------------++-------
  Melee: Mace              ||    92
         Punch             ||     1
 Armour: Leather armour    ||    33
         Scale mail        ||     1
  Dodge: Dodged            ||    51

Table legend: (Time is in decaauts)
 A = Elapsed time spent in this place.
 B = Non-inter-level travel time spent in this place.
 C = Inter-level travel time spent in this place.
 D = Time resting spent in this place.
 E = Time spent auto-exploring this place.
 F = Levels seen in this place.
 G = Mean time per level.
                   A        B        C        D        E       F      G
               +--------+--------+--------+--------+--------+-----+--------+
         Total |   1286 |   1244 |     42 |      0 |    964 |   4 |  321.5 |
       Dungeon |   1286 |   1244 |     42 |      0 |    964 |   4 |  321.5 |
               +--------+--------+--------+--------+--------+-----+--------+

Top non-repeatable levels by time:
     D:1: 517 daAuts
     D:3: 413 daAuts
     D:2: 299 daAuts
     D:4: 55 daAuts
